Map: [ESL] Ancient Cistern

Players

Harstem

  • Race: Protoss Protoss
  • Spawn Location: 7:00

Elazer - Winner!

  • Race: Zerg Zerg
  • Spawn Location: 1:00

Event: ESL SC2 Masters 2023 Summer (Regionals)

VOD

Have the link to the VOD?

Description

Time

  • Played on: May 10, 2023, 12:21 p.m.
  • Length: 13:27

All games in this series

Show
View Real Time Build Order
Export as new Build Order

Harstem Protoss 

Build Orders: 1 Gate Expand, Mass Adepts 

Get SALT Encoding   

  12  0:00  Probe  
  13  0:12  Probe  
  14  0:19  Pylon  
  14  0:24  Probe  
  15  0:37  Probe (Chrono Boost)  
  15  0:39  Gateway  
  16  0:46  Probe (Chrono Boost)  
  16  0:49  Assimilator  
  17  0:51  Probe  
  18  1:03  Probe  
  19  1:16  Probe  
  20  1:25  Nexus  
  20  1:35  Cybernetics Core  
  20  1:37  Probe  
  21  1:43  Assimilator  
  21  1:49  Probe  
  21  1:52  Pylon  
  22  2:01  Probe  
  23  2:09  Adept (Chrono Boost)  
  23  2:12  Warp Gate  
  23  2:13  Probe  
  26  2:25  Probe  
  26  2:27  Twilight Council  
  27  2:30  Adept (Chrono Boost)  
  27  2:37  Probe x2  
  31  2:49  Probe  
  31  2:50  Probe  
  33  2:52  Stalker  
  35  3:01  Probe  
  35  3:02  Probe, Gateway  
  37  3:06  Robotics Facility  
  37  3:13  Probe  
  37  3:14  Probe  
  39  3:21  Gateway  
  39  3:23  Gateway  
  39  3:25  Probe, Resonating Glaives (Chrono Boost)  
  40  3:27  Probe  
  41  3:34  Pylon  
  41  3:38  Probe  
  41  3:39  Probe  
  43  3:45  Pylon  
  43  3:50  Probe, Warp Prism (Chrono Boost)  
  47  4:00  Adept x2  
  50  4:03  Assimilator  
  50  4:04  Probe  
  51  4:10  Pylon  
  51  4:19  Adept x2  
  51  4:20  Adept x2  
  59  4:24  Pylon  
  59  4:32  Dark Shrine  
  59  4:33  Probe  
  60  4:43  Adept  
  60  4:44  Adept x3  
  66  4:55  Probe  
  66  4:56  Probe  
  66  4:58  Pylon  
  68  5:05  Adept x4  
  76  5:10  Pylon  
  76  5:11  Assimilator  
  76  5:26  Adept x4  
  84  5:29  Probe x2, Pylon  
  86  5:44  Probe  
  86  5:47  Adept x2, Dark Templar x2  
  95  6:04  Probe  
  96  6:07  Adept x2  
  96  6:08  Nexus  
  86  6:16  Probe  
  86  6:17  Probe  
  86  6:20  Immortal (Chrono Boost)  
  86  6:28  Probe  
  86  6:29  Probe  
  80  6:33  Adept  
  80  6:34  Adept x3  
  80  6:39  Pylon  
  80  6:40  Probe  
  80  6:46  Blink  
  78  6:52  Probe  
  77  6:54  Immortal (Chrono Boost)  
  77  6:58  Stalker, Sentry  
  85  7:04  Shield Battery  
  85  7:07  Probe  
  85  7:09  Stalker  
  87  7:15  Adept  
  91  7:24  Immortal (Chrono Boost)  
  91  7:25  Robotics Bay  
  91  7:27  Probe  
  90  7:33  Probe x2 (Chrono Boost)  
  90  7:40  Adept x4  
  90  7:42  Probe (Chrono Boost)  
  99  7:46  Forge  
  103  7:51  Probe (Chrono Boost), Observer (Chrono Boost)  
  103  7:52  Probe x2 (Chrono Boost), Phoenix  
  103  7:53  Assimilator  
  103  7:55  Pylon  
  103  7:58  Probe, Assimilator  
  104  8:02  Probe x2, Sentry  
  108  8:09  Colossus (Chrono Boost)  
  108  8:10  Probe  
  115  8:14  Probe, Protoss Ground Weapons Level 1 (Chrono Boost)  
  116  8:23  Probe  
  116  8:25  Gateway  
  116  8:26  Probe  
  118  8:27  Gateway  
  118  8:31  Gateway  
  119  8:34  Stalker x2  
  119  8:36  Pylon  
  122  8:52  Gateway  
  122  8:53  Colossus (Chrono Boost)  
  128  8:57  Pylon  
  128  9:00  Stalker x3  
  133  9:20  Stalker x2  
  137  9:29  Observer (Chrono Boost)  
  137  9:31  Pylon  
  139  9:32  Dark Templar x3  
  139  9:33  Dark Templar  
  146  9:41  Archon x2  
  146  9:45  Colossus (Chrono Boost)  
  146  9:46  Probe  
  146  9:49  Pylon  
  153  9:57  Nexus  
  153  9:58  Pylon  
  153  10:02  Dark Templar x2  
  153  10:04  Pylon  
  157  10:07  Protoss Ground Weapons Level 2 (Chrono Boost), Archon, Photon Cannon  
  157  10:08  Pylon  
  157  10:09  Stalker x3  
  163  10:23  Stalker x3  
  169  10:31  Extended Thermal Lance (Chrono Boost)  
  169  10:40  Probe  
  170  10:43  Assimilator  
  170  10:46  Warp Prism (Chrono Boost), Photon Cannon  
  170  10:48  Charge (Chrono Boost)  
  156  10:52  Probe  
  156  10:54  Pylon  
  156  10:56  Assimilator  
  153  10:59  Shield Battery  
  153  11:04  Dark Templar x2  
  153  11:10  Archon  
  154  11:12  Zealot x4  
  154  11:14  Observer (Chrono Boost)  
  154  11:16  Gateway  
  163  11:30  Stalker x2  
  102  11:48  Stalker x6  
  102  11:51  Probe x2  
  109  12:00  Probe  
  109  12:03  Probe  
  110  12:08  Dark Templar  
  110  12:11  Dark Templar x3  
  110  12:15  Dark Templar  
  120  12:16  Shield Battery  
  120  12:18  Archon  
  120  12:24  Dark Templar, Archon  
  120  12:25  Sentry  
  122  12:33  Dark Templar x2  
  122  12:36  Probe  
  127  12:39  Archon  
  127  12:44  Stalker x2  
  131  12:50  Probe (Chrono Boost)  
  131  12:52  Probe (Chrono Boost)  
  131  12:57  Probe x2 (Chrono Boost)  
  131  12:58  Probe (Chrono Boost)  
  134  13:01  Probe (Chrono Boost)  
  134  13:03  Dark Templar  
  134  13:04  Dark Templar  
  139  13:06  Probe  
  139  13:08  Probe  
  139  13:11  Stalker  
  143  13:17  Archon  
  138  13:22  Stalker x3  
Show
View Real Time Build Order
Export as new Build Order

Elazer Zerg - Winner!

Build Orders: Hatch First 

Get SALT Encoding   

  12  0:00  Drone  
  13  0:12  Overlord  
  13  0:16  Drone  
  14  0:30  Drone x2  
  16  0:47  Hatchery  
  15  0:51  Drone  
  15  0:55  Drone  
  17  0:58  Drone  
  18  1:09  Extractor  
  17  1:15  Spawning Pool  
  17  1:17  Drone  
  17  1:21  Drone  
  18  1:28  Drone  
  19  1:38  Drone  
  20  1:49  Overlord  
  20  2:02  Queen x2  
  20  2:03  Zergling x2  
  20  2:04  Drone  
  26  2:12  Drone, Zergling x2  
  26  2:14  Metabolic Boost  
  28  2:21  Drone  
  28  2:22  Zergling x2  
  30  2:31  Drone  
  30  2:32  Drone  
  32  2:39  Queen  
  34  2:45  Drone, Overlord  
  35  2:53  Hatchery  
  34  3:01  Zergling x2  
  34  3:02  Drone  
  34  3:03  Queen  
  38  3:09  Drone  
  38  3:11  Drone x3  
  42  3:20  Overlord  
  42  3:21  Queen  
  42  3:25  Overlord  
  44  3:39  Drone x5  
  49  3:43  Drone x3  
  49  3:45  Queen  
  49  3:47  Drone  
  55  3:49  Drone  
  55  3:50  Drone  
  57  3:58  Overlord, Drone  
  58  4:03  Roach Warren  
  58  4:09  Overlord  
  57  4:13  Zergling x6  
  60  4:17  Zergling x10  
  60  4:22  Queen  
  66  4:27  Zergling x10  
  66  4:31  Overlord  
  69  4:46  Roach x5  
  69  4:48  Zergling x10  
  81  4:54  Zergling x8  
  81  4:57  Zergling x2  
  84  5:03  Zergling x4  
  86  5:09  Overlord  
  87  5:14  Zergling x6  
  87  5:15  Overlord x2  
  89  5:27  Lair  
  89  5:28  Overlord  
  89  5:29  Zergling x10  
  89  5:30  Roach  
  96  5:38  Zergling x2  
  94  5:43  Roach  
  94  5:44  Zergling x8  
  100  5:53  Roach, Zergling x2  
  100  5:54  Overlord  
  103  5:58  Spore Crawler  
  103  6:01  Spore Crawler  
  98  6:08  Spore Crawler  
  98  6:09  Spore Crawler  
  79  6:12  Zergling x14  
  79  6:22  Zergling x6  
  79  6:30  Zergling x8  
  78  6:36  Zergling x6  
  78  6:38  Queen  
  78  6:39  Queen  
  79  6:43  Zergling x2  
  79  6:52  Overlord  
  79  6:54  Drone x2  
  79  6:59  Drone x2  
  79  7:01  Overseer  
  83  7:02  Glial Reconstitution  
  83  7:10  Drone x3  
  86  7:16  Drone  
  87  7:24  Drone x5  
  87  7:25  Drone  
  87  7:28  Extractor  
  87  7:29  Extractor, Overlord  
  91  7:30  Extractor  
  91  7:34  Drone  
  91  7:36  Drone  
  92  7:39  Overlord  
  90  7:50  Drone x9  
  99  7:57  Evolution Chamber  
  98  8:02  Drone x5  
  102  8:10  Overlord  
  102  8:13  Extractor, Drone  
  102  8:14  Extractor, Drone x4  
  102  8:15  Hatchery  
  102  8:16  Ravager x4  
  108  8:21  Overlord  
  108  8:22  Roach x2  
  108  8:26  Zerg Melee Weapons Level 1  
  111  8:27  Drone  
  111  8:30  Roach x2  
  111  8:32  Overlord  
  116  8:36  Baneling Nest  
  115  8:42  Drone  
  115  8:45  Drone x8  
  124  8:52  Zergling x2  
  125  8:57  Overlord  
  125  9:01  Drone x8  
  133  9:10  Roach x4  
  139  9:17  Roach  
  139  9:18  Roach  
  139  9:22  Centrifugal Hooks  
  143  9:28  Hatchery  
  143  9:29  Roach x2, Zergling x6  
  149  9:31  Zergling x4  
  149  9:34  Zergling x2  
  149  9:35  Zergling x6  
  155  9:41  Zergling x8  
  158  9:48  Zergling x6  
  161  9:56  Baneling x3  
  161  9:57  Zergling x12  
  167  10:05  Zergling x22  
  178  10:11  Baneling x26  
  177  10:14  Zergling x8  
  177  10:18  Zergling x4  
  183  10:21  Overlord  
  183  10:23  Overlord  
  183  10:26  Zerg Melee Weapons Level 2  
  182  10:38  Zergling x2  
  182  10:40  Zergling x28  
  197  10:49  Zergling x2  
  191  10:50  Zergling x4  
  191  10:51  Baneling x19  
  190  10:57  Zergling x12  
  190  11:03  Baneling x22  
  190  11:04  Baneling x2  
  196  11:14  Baneling  
  196  11:15  Baneling x7  
  140  11:40  Roach x18  
  140  11:41  Zergling x16  
  168  11:50  Zergling x14  
  171  11:57  Zergling x8  
  175  12:01  Zergling x8  
  175  12:08  Pneumatized Carapace, Overseer  
  179  12:12  Zergling x10  
  184  12:17  Zergling x6  
  184  12:21  Overseer  
  187  12:24  Zergling x22  
  198  12:47  Baneling x10  
  198  12:48  Baneling x4  
  196  12:57  Baneling x29  
  196  13:00  Zergling x4  
Tags
 
Add a new tag
Caveats
  • Supply blocks, unpowered buildings, or Contaminate may cause inaccurate times.
  • Supply counts are checked every 10 seconds.